Map: Torri del crepuscolo

Players

MaxPauer

  • Race: Protoss Protoss
  • League: Diamond

illusio

  • Race: Terran Terran
  • League: Diamond

VOD

Have the link to the VOD?

Description

Time

  • Played on: April 19, 2016, 1:57 p.m.
  • Length: 2:42
Show
View Real Time Build Order
Export as new Build Order

MaxPauer Protoss 

Build Orders: 1 Gate Expand 

Get SALT Encoding   

  12  0:01  Probe (Chrono Boost)  
  13  0:11  Probe (Chrono Boost)  
  14  0:18  Pylon  
  14  0:22  Probe (Chrono Boost)  
  15  0:36  Probe (Chrono Boost)  
  15  0:38  Gateway  
  16  0:46  Assimilator  
  16  0:47  Probe (Chrono Boost)  
  17  0:57  Probe (Chrono Boost)  
  18  1:08  Probe (Chrono Boost)  
  19  1:21  Nexus  
  20  1:31  Cybernetics Core  
  19  1:36  Probe (Chrono Boost)  
  20  1:42  Pylon  
  20  1:46  Probe (Chrono Boost)  
  21  1:51  Assimilator  
  21  1:57  Probe (Chrono Boost)  
  24  2:08  Mothership Core (Chrono Boost)  
  24  2:13  Adept (Chrono Boost)  
  26  2:21  Gateway  
  26  2:28  Probe  
Show
View Real Time Build Order
Export as new Build Order

illusio Terran 

Build Orders: Reaper Expand 

Get SALT Encoding   

  12  0:01  SCV  
  13  0:13  SCV  
  14  0:18  Supply Depot  
  14  0:25  SCV  
  15  0:30  Refinery  
  15  0:40  SCV  
  16  0:45  Barracks  
  16  0:55  SCV  
  17  1:07  SCV  
  18  1:19  SCV  
  19  1:33  Reaper  
  20  1:40  Command Center  
  20  1:42  Orbital Command  
  20  2:12  Barracks Reactor, SCV  
  21  2:17  Factory  
  21  2:24  SCV  
  21  2:29  Supply Depot  
Tags
 
Add a new tag
Caveats
  • Supply blocks, unpowered buildings, or Contaminate may cause inaccurate times.
  • Supply counts are checked every 10 seconds.